 Dungeon Crawl Stone Soup version 0.29.1-12-g30fa7ad0bf (webtiles) character file.

Game seed: 4208827786910650996

1557 wingedge the Spear-Bearer (level 8, -1/71 HPs)
             Began as a Hill Orc Fighter on Jan 7, 2023.
             Was a Follower of Makhleb.
             Succumbed to a water moccasin's poison
             ... on level 5 of the Dungeon.
             The game lasted 00:13:33 (5674 turns).

wingedge the Spear-Bearer (Hill Orc Fighter)        Turns: 5674, Time: 00:13:34

Health: -1/71      AC: 10    Str: 21    XL:     8   Next: 88%
Magic:  11/11      EV:  9    Int:  8    God:    Makhleb [*.....]
Gold:   136        SH:  4    Dex: 10    Spells: 7/7 levels left

rFire   . . .      SeeInvis .   t - +0 war axe
rCold   . . .      Faith    .   c - +0 buckler
rNeg    . . .      Spirit   .   g - +0 scale mail
rPois   +          Reflect  .   A - +0 helmet
rElec   .          Harm     .   y - +0 cloak
rCorr   .          Rampage  .   q - +0 pair of gloves
Will    .....                   (no boots)
Stlth   ..........              (no amulet)
HPRegen 0.21/turn               (no ring)
MPRegen 0.12/turn               (no ring)

@: lethally poisoned (-1 -> -14), invisible
A: deterioration 1, poison resistance
a: Renounce Religion


You were on level 5 of the Dungeon.
You worshipped Makhleb.
Makhleb was aware of your devotion.
You visited 2 branches of the dungeon, and saw 6 of its levels.

You collected 216 gold pieces.
You spent 80 gold pieces at shops.

Inventory:

Hand Weapons
 a - a +0 trident of venom
 h - the +9 short sword "Ocedee" {holy, +Blink Dex+3}
   (You found it on level 2 of the Dungeon)

   It has been blessed by the Shining One to cause great damage to the undead
   and demons.
   Dex:       It affects your dexterity (+3).
   +Blink:    It lets you blink.
 t - a +0 war axe (weapon)
Missiles
 e - 3 poisoned darts
 r - 4 javelins (quivered)
Armour
 c - a +0 buckler (worn)
 g - a +0 scale mail (worn)
 q - a +0 pair of gloves (worn)
 y - a +0 cloak (worn)
 A - a +0 helmet (worn)
Jewellery
 m - a ring of ice
Wands
 j - a wand of charming (1)
 s - a wand of digging (2)
Scrolls
 f - 6 scrolls of teleportation
 i - a scroll of vulnerability
 n - a scroll of blinking
 p - 2 scrolls of silence
 x - 2 scrolls of immolation
Potions
 d - a potion of might
 k - a potion of resistance
 l - 2 potions of lignification
 u - a potion of degeneration {unknown}
 v - a potion of ambrosia {unknown}
 w - a potion of flight {unknown}
 z - a potion of curing {unknown}


   Skills:
 + Level 6.8 Fighting
 - Level 4.2(8.1) Axes
 + Level 9.0(9.3) Polearms
 - Level 2.0 Throwing
 - Level 3.2 Armour
 - Level 3.2 Shields
 + Level 4.1 Invocations


You had 7 spell levels left.
You didn't know any spells.
Your spell library contained the following spells:

 Spells                   Type           Power      Damage    Failure   Level
 Airstrike                Air            0%         2d(0-16)  100%        4
 Summon Lightning Spire   Summ/Air       0%         N/A       100%        4
 Lightning Bolt           Conj/Air       0%         1d11      100%        5


Dungeon Overview and Level Annotations

Branches:
Dungeon (5/15)             Temple (1/1) D:4

Altars:
Cheibriados
Dithmenos
Elyvilon
Fedhas
Gozag
Hepliaklqana
Kikubaaqudgha
Makhleb
Nemelex Xobeh
Okawaru
Ru
Trog
Uskayaw
Vehumet
Wu Jian
Xom
Yredelemnul
Zin

Shops:
D:1 (


Innate Abilities, Weirdness & Mutations

Your body sometimes deteriorates upon taking damage.
Your system is resistant to poisons. (rPois)


Message History

The water moccasin bites you!
You are poisoned.
The water moccasin poisons you!
You closely miss the water moccasin.
The water moccasin is severely wounded.
You feel very sick. The water moccasin bites you.
You are more poisoned.
The water moccasin poisons you! The water moccasin bites you.
You are lethally poisoned!
The water moccasin poisons you!
Okay, then.
Okay, then.
Aiming: Charm
Press: ? - help, Shift-Dir - straight line, f/p - water moccasin
Aim: a water moccasin (severely wounded, chance to affect: 49%)
The water moccasin resists with some effort.
You feel extremely sick. The water moccasin closely misses you.
You barely miss the water moccasin.
The water moccasin is severely wounded.
You feel extremely sick. The water moccasin bites you!
* * * LOW HITPOINT WARNING * * *
The water moccasin bites you but does no damage.
Aiming: Charm
Press: ? - help, Shift-Dir - straight line, f/p - water moccasin
Aim: a water moccasin (severely wounded, chance to affect: 49%)
The water moccasin is charmed.
* * * LOW HITPOINT WARNING * * *
You feel very sick.
* * * LOW HITPOINT WARNING * * *
You feel very sick.
It was a potion of invisibility.
You fade into invisibility!
* * * LOW HITPOINT WARNING * * *
You feel very sick.
It was a potion of mutation.
You feel extremely strange.
You feel yourself wasting away.
You feel resistant to poisons.
You die...

###........#.####
..#.######.#.#... +###
#.#.# #.#.#... .....
#.#.# #.#.####
.....####'#'######.#.....
................##.######
............)...##.......
......†S........#########
........@.......#
#####...........#
+...........####
#...............
#............### ####
#............... .)..
#............### ####
#............# #...
#.......†...[# #.##


You could see a friendly water moccasin (charmed).

Vanquished Creatures
  Pikel (D:4)
  Grinder (D:4)
  A sky beast (D:5)
  An ogre (D:5)
  A lemure (D:4)
  2 scorpions (D:5)
  A necrophage (D:4)
  4 killer bees (D:5)
  A hound (D:5)
  Crazy Yiuf (D:4)
  An orc priest (D:5)
  2 orc wizards
  5 iguanas
  4 adders
  A shadow imp (D:5)
  A worm (D:2)
  5 dart slugs
  13 orcs
  6 bats
  4 endoplasms
  4 giant cockroaches
  8 goblins
  6 hobgoblins
  15 jackals
  4 kobolds
  5 quokkas
  7 ball pythons
  2 frilled lizards
  6 rats
113 creatures vanquished.

Notes
Turn   | Place    | Note
-------+----------+-------------------------------------------
     0 | D:1      | wingedge the Hill Orc Fighter began the quest for the Orb.
     0 | D:1      | Reached XP level 1. HP: 19/19 MP: 1/1
   434 | D:1      | Reached XP level 2. HP: 27/27 MP: 2/2
   827 | D:1      | Reached XP level 3. HP: 33/33 MP: 3/3
   856 | D:1      | Found Juecatih's Weapon Emporium.
  1352 | D:2      | Identified the +9 short sword "Ocedee" {holy, +Blink Dex+3}
  1930 | D:2      | Reached XP level 4. HP: 41/41 MP: 4/4
  2190 | D:3      | Reached skill level 5 in Fighting
  2236 | D:3      | Reached skill level 1 in Throwing
  2579 | D:3      | Found a burning altar of Makhleb.
  2680 | D:3      | Reached XP level 5. HP: 47/48 MP: 5/5
  2722 | D:3      | Became a worshipper of Makhleb the Destroyer
  3054 | D:1      | Bought a +0 trident of venom for 80 gold pieces
  3137 | D:4      | Found a staircase to the Ecumenical Temple.
  3152 | D:4      | Reached skill level 1 in Polearms
  3199 | D:3      | Reached XP level 6. HP: 50/57 MP: 6/6
  3202 | D:3      | Reached skill level 2 in Polearms
  3344 | D:4      | Found a sparkling altar of Nemelex Xobeh.
  3402 | D:4      | Noticed Pikel
  3425 | D:4      | Killed Pikel
  3426 | D:4      | Reached skill level 6 in Polearms
  3426 | D:4      | Reached XP level 7. HP: 31/63 MP: 7/7
  3606 | D:4      | Found a hazy altar of Hepliaklqana.
  3606 | D:4      | Found a sacrificial altar of Ru.
  3695 | D:4      | Found an opulent altar of Gozag.
  3708 | D:4      | Noticed Grinder
  3729 | D:4      | Killed Grinder
  3730 | D:4      | Reached skill level 7 in Polearms
  3730 | D:4      | Reached XP level 8. HP: 49/70 MP: 8/8
  3924 | Temple   | Entered the Ecumenical Temple
  4205 | D:4      | Found a runed translucent door.
  4206 | D:4      | Noticed Crazy Yiuf
  4214 | D:4      | Killed Crazy Yiuf
  4371 | D:5      | Entered Level 5 of the Dungeon
  4371 | D:5      | Found a snail-covered altar of Cheibriados.
  4400 | D:5      | Reached skill level 8 in Polearms
  4413 | D:5      | Reached * piety under Makhleb
  4822 | D:5      | Reached skill level 1 in Invocations
  5609 | D:5      | Reached skill level 9 in Polearms
  5673 | D:5      | HP: 2/71 [poisoned by a water moccasin]
  5674 | D:5      | Gained mutation: Your body sometimes deteriorates upon
                  | taking damage. [potion of mutation]
  5674 | D:5      | Gained mutation: Your system is resistant to poisons.
                  | (rPois) [potion of mutation]
  5674 | D:5      | Succumbed to a water moccasin's poison

Illustrated notes

Levels and vault maps discovered:
D:1:      dpeg_arrival_subterranean_lakeside_camping, layout_basic,
          serial_shops, nicolae_shop_competitors_out_of_business
D:2:      layout_rooms
D:3:      layout_basic, lemuel_round_altar
D:4:      layout_rooms, mainiacjoe_overflow_paths, overflow_temple_1_default,
          gammafunk_temple_overflow_wave, minmay_temple_entry_stoned_glass,
          hangedman_abyss_or_decor_slice, uniq_pikel, uniq_crazy_yiuf_cottage,
          uniq_grinder
D:5:      layout_basic, cheibriados_altar_1
Temple:   hellmonk_temple_forest_ring

Skill      XL: |  1  2  3  4  5  6  7  8 |
---------------+-------------------------+-----
Axes           | 3 4 |  4.2
Fighting       | 4 5 6 |  6.8
Throwing       | 1 2 |  2.0
Polearms       | 1 6 7 9 |  9.0
Invocations    | 4 |  4.1
Armour         | |  3.2
Shields        | |  3.2

Action                   |  1- 3 |  4- 6 |  7- 9 || total
-------------------------+-------+-------+-------++-------
Melee: War axe           |   119 |    55 |     8 ||   182
       Trident           |       |    69 |   103 ||   172
       Short sword       |       |     2 |    11 ||    13
 Fire: Sling             |    18 |       |       ||    18
Throw: Javelin           |       |     8 |     4 ||    12
Evoke: Wand              |       |       |     5 ||     5
  Use: Scroll            |       |     5 |     2 ||     7
       Potion            |       |     4 |     2 ||     6
Armor: Scale mail        |    70 |    57 |    46 ||   173
       Skin              |       |     2 |       ||     2
Dodge: Dodged            |    73 |    53 |    31 ||   157
Block: Buckler           |    37 |    39 |    16 ||    92
